 Dungeon Crawl Stone Soup version 0.30-a0-603-g51a0fb1b98 (webtiles) character file.

Game seed: 1432646383179940696

2241 Leeroy the Transmogrifier (level 9, -2/76 HPs)
             Began as a White Draconian Transmuter on Jan 7, 2023.
             Was an Initiate of Wu Jian.
             Killed from afar by an electric eel (7 damage)
             ... with a bolt of electricity
             ... on level 7 of the Dungeon.
             The game lasted 00:09:38 (6866 turns).

Leeroy the Transmogrifier (DrTm)                    Turns: 6866, Time: 00:09:39

Health: -2/76      AC:  8    Str: 14    XL:     9   Next: 14%
Magic:  0/12       EV: 10    Int: 17    God:    Wu Jian [......]
Gold:   106        SH:  0    Dex: 11    Spells: 4/12 levels left

rFire   x . .      SeeInvis .      - Unarmed
rCold   + + +      Faith    .    (shield currently unavailable)
rNeg    . . .      Spirit   +    (body armour unavailable)
rPois   +          Reflect  .    (helmet currently unavailable)
rElec   .          Harm     .    (cloak currently unavailable)
rCorr   .          Rampage  .    (gloves currently unavailable)
Will    .....                    (boots currently unavailable)
Stlth   +                        s - amulet of guardian spirit
HPRegen 0.32/turn                (no ring)
MPRegen 0.13/turn                (no ring)

@: ice-form, very slightly contaminated
A: freezing attack, amphibious, boosted hp, (breathe frost), AC +7, large,
unfitting armour, (cold resistance 1), (cold-blooded)
a: End Transformation, Renounce Religion


You were on level 7 of the Dungeon.
You worshipped Wu Jian.
Wu Jian was noncommittal.
You were a creature of crystalline ice.
You visited 2 branches of the dungeon, and saw 8 of its levels.

You collected 317 gold pieces.
You spent 211 gold pieces at shops.

Inventory:

Hand Weapons
 f - a +0 dagger of electrocution
 o - a +1 short sword of draining
 r - a +0 lajatang
Missiles
 q - 4 poisoned darts
Armour
 h - a +0 cloak
 y - a +1 cloak of poison resistance (melded)
Jewellery
 s - an amulet of guardian spirit (around neck)
Wands
 p - a wand of paralysis (19)
Scrolls
 a - 4 scrolls of poison {unknown}
 b - 2 scrolls of fog
 c - 3 scrolls of amnesia
 e - 2 scrolls of brand weapon {unknown}
 g - 6 scrolls of teleportation
 i - a scroll of fear {unknown}
 j - a scroll of torment {unknown}
 l - 2 scrolls of noise
 m - 5 scrolls of identify
 t - 2 scrolls of magic mapping {unknown}
 v - 2 scrolls of vulnerability {unknown}
 x - a scroll of summoning {unknown}
 B - a scroll of enchant armour {unknown}
Potions
 d - 2 potions of heal wounds {unknown}
 k - 2 potions of curing
 n - a potion of brilliance {unknown}
 u - 3 potions of attraction {unknown}
 w - 2 potions of lignification
 z - 2 potions of cancellation {unknown}
 A - a potion of degeneration {unknown}
 C - a potion of mutation {unknown}


   Skills:
 - Level 1.1 Fighting
 - Level 1.7 Dodging
 - Level 7.6 Unarmed Combat
 - Level 2.0 Spellcasting
 - Level 9.3 Transmutations
 + Level 4.6 Ice Magic


You had 4 spell levels left.
You knew the following spells:

 Your Spells              Type           Power      Damage    Failure   Level
a - Beastly Appendage     Tmut           66%        N/A       1%          1
b - Spider Form           Tmut/Pois      17%        N/A       9%          3
c - Ice Form              Ice/Tmut       25%        N/A       11%         4

Your spell library contained the following spells:

 Spells                   Type           Power      Damage    Failure   Level
 Wereblood                Tmut           33%        N/A       1%          2
 Passwall                 Tmut/Erth      14%        N/A       4%          2
 Ensorcelled Hibernation  Hex/Ice        18%        N/A       12%         2
 Sublimation of Blood     Necr           1%         N/A       28%         2
 Swiftness                Air            1%         N/A       50%         3
 Vhi's Electric Charge    Tloc/Air       2%         N/A       50%         3
 Arcjolt                  Conj/Air       0%         1d10      99%         5
 Summon Hydra             Summ           0%         N/A       100%        7
 Maxwell's Capacitive Co  Air            0%         ∞         100%        8


Dungeon Overview and Level Annotations

Branches:
Dungeon (7/15)             Temple (1/1) D:4

Altars:
Ashenzari
Dithmenos
Elyvilon
Fedhas
Gozag
Hepliaklqana
Kikubaaqudgha
Makhleb
Nemelex Xobeh
Okawaru
Qazlal
Ru
Sif Muna
Trog
Uskayaw
Vehumet
Wu Jian
Xom
Yredelemnul
Zin
The Shining One

Shops:
D:2 *   D:7 [

Annotations:
D:3 3 runed translucent doors, Stil's ghost, amateur DsFi
D:5 Pikel


Innate Abilities, Weirdness & Mutations

You are a creature of crystalline ice.
You have a powerful freezing melee attack.
You are amphibious.
Your maximum health is increased.
Your armour is entirely melded.
You are incapable of wielding weapons or throwing items.
((You can breathe waves of freezing cold which knock back foes.))
((Your icy white scales are hard. (AC +7)))
You cannot fit into any form of body armour.
((Your flesh is cold resistant. (rC+)))
((You are cold-blooded and may be slowed by cold attacks.))


Message History

The electric eel shoots out a bolt of lightning at you!
The bolt of electricity hits the plant! x2; The plant begins to die.
The bolt of electricity hits you!
You barely miss the electric eel.
The electric eel is almost dead.
The electric eel shoots out a bolt of lightning at you!
The bolt of electricity hits the plant!
The plant begins to die.
The bolt of electricity hits the plant!
The plant begins to die.
The bolt of electricity hits the electric eel.
The electric eel completely resists.
The bolt of electricity hits you!
* * * LOW HITPOINT WARNING * * *
Okay, then.
The electric eel shoots out a bolt of lightning at you!
The bolt of electricity hits you!
* * * LOW HITPOINT WARNING * * *
The electric eel shoots out a bolt of lightning at you!
The bolt of electricity hits the plant.
The bolt of electricity hits the electric eel.
The electric eel completely resists.
The bolt of electricity hits you.
* * * LOW HITPOINT WARNING * * *
The bolt of electricity hits the plant.
The plant begins to die.
You punch the electric eel!
The electric eel seems to slow down.
You freeze the electric eel.
You kill the electric eel!
The Council accepts your kill.
A nearby plant withers and dies.
The electric eel shoots out a bolt of lightning at you!
The bolt of electricity hits the plant!
The bolt of electricity hits you.
* * * LOW HITPOINT WARNING * * *
The bolt of electricity hits the plant!
A nearby plant withers and dies. x2
The electric eel shoots out a bolt of lightning at you!
The bolt of electricity hits the plant!
The bolt of electricity hits you.
* * * LOW HITPOINT WARNING * * *
The electric eel shoots out a bolt of lightning at you!
The bolt of electricity misses you.
A nearby plant withers and dies.
The electric eel shoots out a bolt of lightning at you!
The bolt of electricity hits the plant.
The bolt of electricity hits you!
You die...

.# #.# .# #.# .#
.###.### #.# ....#..#
#.# .###.#.# #.# .#
#.#.# #.# .#
#.#.##########.# .#
#.#............# .#
#.##########.Y.######♣♣
.#
#.#########....~P~P~~P~
.#
#.##...........P~S~~~~~
.#
#.##.######.#..~~~~~~~≈
.# #.##.# #.#..~~~P~P~~
.# #.##.# #.#...~~~~≈≈~
## #.##.# #.#....~S~~~≈
#.##.# #.#..~~~~~~~≈
#.##.# #.#...~~~~~~≈


You could see 2 electric eels.

Vanquished Creatures
  A hornet (D:7)
  Sigmund (D:2)
  2 steam dragons (D:7)
  An orc warrior (D:7)
  A centaur (D:5)
  A phantom (D:5)
  3 bullfrogs
  2 scorpions
  A necrophage (D:5)
  3 wights (D:7)
  3 electric eels (D:7)
  A howler monkey (D:7)
  A gnoll bouda (D:5)
  6 hounds
  5 iguanas
  Natasha (thrice) (D:3)
  2 orc wizards
  4 gnolls
  8 adders
  A shadow imp (D:5)
  2 white imps
  4 dart slugs (D:1)
  7 orcs
  9 ball pythons
  2 endoplasms
  3 giant cockroaches
  6 goblins
  9 hobgoblins
  2 jackals (D:2)
  A quokka (D:1)
  4 bats
  3 frilled lizards
  6 kobolds
  11 rats
  A butterfly (D:4)
120 creatures vanquished.

Vanquished Creatures (others)
  A human (D:3)
  5 plants (D:7)
6 creatures vanquished.

Grand Total: 126 creatures vanquished

Notes
Turn   | Place    | Note
-------+----------+-------------------------------------------
     0 | D:1      | Leeroy the Draconian Transmuter began the quest for the
                  | Orb.
     0 | D:1      | Reached XP level 1. HP: 16/16 MP: 3/3
    58 | D:1      | Reached XP level 2. HP: 13/23 MP: 3/5
   332 | D:1      | Reached XP level 3. HP: 27/28 MP: 6/6
   632 | D:2      | Found Noinluv's General Store.
   633 | D:2      | Noticed Sigmund
   660 | D:2      | Killed Sigmund
   661 | D:2      | Reached XP level 4. HP: 27/35 MP: 7/7
   661 | D:2      | Reached XP level 5. HP: 31/40 MP: 8/8
   842 | D:2      | Bought a scroll of identify for 22 gold pieces
  1374 | D:3      | Learned a level 3 spell: Spider Form
  1379 | D:3      | Learned a level 4 spell: Ice Form
  1413 | D:3      | Noticed Stil's ghost (amateur DsFi)
  1515 | D:3      | Noticed Natasha
  1521 | D:3      | Killed Natasha
  1522 | D:3      | Reached XP level 6. HP: 43/47 MP: 5/9
  1706 | D:3      | Found an ancient bone altar of Kikubaaqudgha.
  1825 | D:3      | Noticed a human
  1826 | D:3      | Killed a human
  1838 | D:3      | Found a runed translucent gate.
  1838 | D:3      | Found a runed translucent gate.
  1838 | D:3      | Found a runed translucent gate.
  1898 | D:3      | Noticed Natasha
  1907 | D:3      | Killed Natasha
  2185 | D:3      | Noticed Natasha
  2196 | D:3      | Killed Natasha
  2762 | D:4      | Found a staircase to the Ecumenical Temple.
  2842 | Temple   | Entered the Ecumenical Temple
  3354 | D:5      | Entered Level 5 of the Dungeon
  3395 | D:5      | Reached skill level 3 in Transmutations
  3395 | D:5      | Your scales start taking on an icy white colour.
  3395 | D:5      | Reached XP level 7. HP: 10/52 MP: 0/10
  3395 | D:5      | Gained mutation: Your flesh is cold resistant. (rC+) [White
                  | Draconian growth]
  3851 | D:5      | Found a white marble altar of Elyvilon.
  3867 | D:5      | Reached skill level 4 in Transmutations
  4485 | D:5      | Reached skill level 5 in Transmutations
  4625 | D:5      | Found an ornate altar of the Wu Jian Council.
  4640 | D:5      | Became a worshipper of the Wu Jian Council
  4649 | D:5      | Noticed Pikel
  4679 | D:6      | Reached skill level 6 in Transmutations
  4952 | D:6      | Reached XP level 8. HP: 59/59 MP: 11/11
  5511 | D:7      | Reached skill level 7 in Transmutations
  5718 | D:7      | Found a radiant altar of Vehumet.
  5727 | D:7      | Reached skill level 8 in Transmutations
  6092 | D:7      | Reached skill level 9 in Transmutations
  6267 | D:7      | Found Nuhos's Armour Shop.
  6287 | D:7      | Reached skill level 1 in Ice Magic
  6296 | D:7      | Bought a +1 cloak of poison resistance for 189 gold pieces
  6526 | D:7      | Noticed a hornet
  6530 | D:7      | Killed a hornet
  6531 | D:7      | Reached XP level 9. HP: 64/64 MP: 7/12
  6569 | D:7      | Found an iron altar of Okawaru.
  6866 | D:7      | Killed from afar by an electric eel

Illustrated notes

Levels and vault maps discovered:
D:1:      noname_arrival_rooms_in_the_neighbourhood, layout_rooms
D:2:      layout_basic, serial_shops, shop, kennysheep_doodads, uniq_sigmund
D:3:      layout_basic, tgw_kikubaaqudgha, gammafunk_ghost_icy,
          kennysheep_generic_room_16, uniq_natasha
D:4:      layout_cave_pools, minmay_temple_entry_butterflies
D:5:      layout_gridville, elyvilon_altar_1, kennysheep_mini_moat, uniq_pikel
D:6:      layout_basic
D:7:      layout_loops_ring, mainiacjoe_overflow_brackets, okawaru_gym_becter,
          serial_shops, shop_fountains, serial_bayou, serial_bayou_pond_d,
          serial_bayou_pond_d, serial_bayou_crossing, serial_bayou_shore_b,
          serial_bayou_shore_a, uniq_crazy_yiuf_cottage
Temple:   regret_index_temple_sphere_string

Skill      XL: |  1  2  3  4  5  6  7  8  9 |
---------------+----------------------------+-----
Unarmed Combat | 4 6 7 |  7.6
Transmutations | 3 6 9 |  9.3
Ice Magic      | 3 4 |  4.6
Fighting       | |  1.1
Dodging        | |  1.7
Spellcasting   | |  2.0

Action                   |  1- 3 |  4- 6 |  7- 9 || total
-------------------------+-------+-------+-------++-------
Melee: Unarmed           |    62 |   155 |   199 ||   416
       Kick              |     9 |     1 |     2 ||    12
       Headbutt          |     4 |     1 |     1 ||     6
       Tailslap          |     9 |    13 |    20 ||    42
       Dagger            |    44 |       |       ||    44
       Punch             |     2 |     5 |     5 ||    12
       Lajatang          |       |     8 |       ||     8
 Cast: Beastly Appendage |     5 |     1 |     3 ||     9
       Spider Form       |       |     3 |       ||     3
       Ice Form          |       |       |    11 ||    11
Invok: Lunge             |       |       |     9 ||     9
 Abil: Breathe Frost     |       |       |     6 ||     6
  Use: Potion            |     1 |     2 |       ||     3
       Scroll            |       |     4 |     2 ||     6
 Stab: Sleeping          |     1 |     1 |       ||     2
Armor: Skin              |    24 |    55 |    49 ||   128
Dodge: Dodged            |    74 |   129 |   111 ||   314

Table legend: (Time is in decaauts)
 A = Elapsed time spent in this place.
 B = Non-inter-level travel time spent in this place.
 C = Inter-level travel time spent in this place.
 D = Time resting spent in this place.
 E = Time spent auto-exploring this place.
 F = Levels seen in this place.
 G = Mean time per level.
                   A        B        C        D        E       F      G
               +--------+--------+--------+--------+--------+-----+--------+
         Total |   6827 |   6594 |    233 |   1213 |   4258 |   8 |  853.4 |
       Dungeon |   6413 |   6198 |    215 |    965 |   4136 |   7 |  916.1 |
        Temple |    414 |    396 |     18 |    248 |    122 |   1 |  414.0 |
               +--------+--------+--------+--------+--------+-----+--------+

Top non-repeatable levels by time:
     D:7: 1376 daAuts
     D:4: 1208 daAuts
     D:3: 877 daAuts
     D:6: 809 daAuts
     D:5: 794 daAuts
     D:2: 783 daAuts
     D:1: 563 daAuts
  Temple: 414 daAuts
